 Dungeon Crawl Stone Soup version 0.27-a0-1181-g5f64966fcc (webtiles) character file.

Game seed: 12846001666247460365

33 voltaire321 the Chopper (level 3, -1/30 HPs)
             Began as a Minotaur Gladiator on May 18, 2021.
             Succumbed to a scorpion's poison
             ... on level 2 of the Dungeon.
             The game lasted 00:01:42 (951 turns).

voltaire321 the Chopper (Minotaur Gladiator)         Turns: 951, Time: 00:01:43

Health: -1/30      AC:  5    Str: 18    XL:     3   Next: 12%
Magic:  2/2        EV: 11    Int:  6    God:
Gold:   50         SH:  0    Dex: 11    Spells: 2/2 levels left

rFire    . . .     SeeInvis .   a - +0 war axe
rCold    . . .     Faith    .   (no shield)
rNeg     . . .     Spirit   .   e - +0 ring mail
rPois    .         Reflect  .   c - +0 hat
rElec    .         Harm     .   (no cloak)
rCorr    .         Rampage  .   (no gloves)
Will     .....                  (no boots)
Stlth    +.........             (no amulet)
HPRegen  0.10/turn              (no ring)
MPRegen  0.08/turn              (no ring)

@: lethally poisoned (-1 -> -12), flying
A: horns 2, retaliatory headbutt
a: no special abilities


You were on level 2 of the Dungeon.
You visited 1 branch of the dungeon, and saw 2 of its levels.

You collected 50 gold pieces.

Inventory:

Hand Weapons
 a - a +0 war axe (weapon)
Missiles
 d - 3 throwing nets (quivered)
Armour
 c - a +0 hat (worn)
 e - a +0 ring mail (worn)
Scrolls
 f - a scroll of identify {unknown}
Potions
 b - a potion of flight


   Skills:
 + Level 2.9 Fighting
 + Level 4.0 Axes
 + Level 2.3 Throwing
 + Level 1.3 Armour
 + Level 3.6 Dodging


You had 2 spell levels left.
You didn't know any spells.
Your spell library was empty.

Dungeon Overview and Level Annotations

Branches:
Dungeon (2/15)

Altars:


Innate Abilities, Weirdness & Mutations

You have a pair of horns on your head.
You reflexively headbutt those who attack you in melee.


Message History

Found 14 arrows.
The bat hits you but does no damage. The bat barely misses you.
Found a dagger.
You see here a brown potion.
The bat closely misses you.
You slash the bat!
You kill the bat!
b - 2 brown potions (gained 1)
Found a club.
A scorpion comes into view.
You see here 14 arrows.
You hit the scorpion.
The scorpion is moderately wounded.
The scorpion barely misses you. You furiously retaliate!
You headbutt the scorpion! The scorpion stings you.
You are poisoned.
The scorpion poisons you!
You barely miss the scorpion.
The scorpion is heavily wounded.
You feel very sick.
The scorpion stings you but does no damage.
You hit the scorpion.
The scorpion is severely wounded.
You feel sick. The scorpion closely misses you. The scorpion stings you.
You hit the scorpion.
The scorpion is almost dead.
You feel sick. The scorpion stings you.
You barely miss the scorpion.
The scorpion is almost dead.
You feel sick.
The scorpion stings you but does no damage.
The scorpion stings you!
* * * LOW HITPOINT WARNING * * *
You are more poisoned.
The scorpion poisons you!
It was a potion of flight.
You feel very buoyant.
You fly up into the air.
You die...

#.......#.#..#
#.......#.#..#
#.......#+######.
#.[.....†........
.................
#####........####
##..........#
###.#......#
#+#.@....#
.......s....#
.......)....#
............#
.......)....#
#+##+###.#### .#
.#


You could see a scorpion.

Vanquished Creatures
  3 ball pythons
  2 endoplasms (D:1)
  A giant cockroach (D:1)
  5 goblins
  A hobgoblin (D:1)
  4 jackals (D:1)
  2 kobolds (D:1)
  2 quokkas (D:1)
  3 bats
  3 frilled lizards (D:1)
  2 rats (D:1)
28 creatures vanquished.

Notes
Turn   | Place    | Note
-------+----------+-------------------------------------------
     0 | D:1      | voltaire321 the Minotaur Gladiator began the quest for the
                  | Orb.
     0 | D:1      | Reached XP level 1. HP: 18/18 MP: 0/0
   101 | D:1      | Reached XP level 2. HP: 14/25 MP: 1/1
   328 | D:1      | Reached skill level 1 in Armour
   486 | D:1      | Found a faded altar of an unknown god.
   711 | D:1      | Reached skill level 4 in Axes
   711 | D:1      | Reached XP level 3. HP: 30/30 MP: 2/2
   943 | D:2      | Noticed a scorpion
   950 | D:2      | HP: 1/30 [scorpion (7)]
   951 | D:2      | Succumbed to a scorpion's poison

Illustrated notes

Levels and vault maps discovered:
D:1:      eino_arrival_water_star, layout_basic,
          shapermc_ecumenical_altar_flowoftime
D:2:      minmay_wonky_spiral, layout_basic

Skill      XL: |  1  2 |
---------------+-------+-----
Armour         | 1 |  1.3
Axes           | 4 |  4.0
Fighting       | |  2.9
Throwing       | |  2.3
Dodging        | |  3.6

Action                   || total
-------------------------++-------
Melee: War axe           ||    46
       Headbutt          ||     4
  Use: Potion            ||     1
Armor: Leather armour    ||     5
       Ring mail         ||    24
Dodge: Dodged            ||    44

Table legend: (Time is in decaauts)
 A = Elapsed time spent in this place.
 B = Non-inter-level travel time spent in this place.
 C = Inter-level travel time spent in this place.
 D = Time resting spent in this place.
 E = Time spent auto-exploring this place.
 F = Levels seen in this place.
 G = Mean time per level.
                   A        B        C        D        E       F      G
               +--------+--------+--------+--------+--------+-----+--------+
         Total |    966 |    926 |     40 |    142 |    615 |   2 |  483.0 |
       Dungeon |    966 |    926 |     40 |    142 |    615 |   2 |  483.0 |
               +--------+--------+--------+--------+--------+-----+--------+

Top non-repeatable levels by time:
     D:1: 900 daAuts
     D:2: 65 daAuts
